 Dungeon Crawl Stone Soup version 0.27.0-1-g7a089689b8 (webtiles) character file.

Game seed: 1865275873335056920

204 Angani the Conjurer (level 5, 0/37 HPs)
             Began as a Palentonga Conjurer on July 30, 2021.
             Was a Follower of Kikubaaqudgha.
             Slain by a jelly (2 damage)
             ... on level 3 of the Dungeon.
             The game lasted 00:08:45 (3359 turns).

Angani the Conjurer (Palentonga Conjurer)           Turns: 3359, Time: 00:08:46

Health: 0/37       AC: -8    Str: 11    XL:     5   Next: 52%
Magic:  3/10       EV:  9    Int: 19    God:    Kikubaaqudgha [*.....]
Gold:   105        SH:  0    Dex:  8    Spells: 1/11 levels left

rFire    . . .     SeeInvis +   i - staff of death
rCold    . . .     Faith    .   (no shield)
rNeg     + . .     Spirit   .   a - +0 robe
rPois    .         Reflect  .   (no helmet)
rElec    .         Harm     .   (no cloak)
rCorr    .         Rampage  .   (no gloves)
Will     .....                  (no barding)
Stlth    +.........             (no amulet)
HPRegen  0.12/turn              (no ring)
MPRegen  0.12/turn              (no ring)

@: corroded
A: large, rugged brown scales 3, see invisible, deformed body, roll 1, armoured
tail
a: Rolling Charge, Renounce Religion, Receive Corpses


You were on level 3 of the Dungeon.
You worshipped Kikubaaqudgha.
Kikubaaqudgha was aware of your devotion.
You visited 1 branch of the dungeon, and saw 4 of its levels.

You collected 105 gold pieces.

Inventory:

Armour
 a - a +0 robe (worn)
Magical Staves
 i - a staff of death (weapon)
Jewellery
 c - a ring of ice
 g - a ring of ice
Scrolls
 b - a scroll of teleportation {unknown}
 d - 3 scrolls of identify {unknown}
 e - a scroll of enchant weapon {unknown}
 f - a scroll of enchant armour {unknown}
 h - a scroll of amnesia {unknown}


   Skills:
 - Level 1.5 Dodging
 - Level 1.2 Stealth
 + Level 3.8 Spellcasting
 - Level 4.6 Conjurations
 * Level 2.4 Necromancy


You had one spell level left.
You knew the following spells:

 Your Spells              Type           Power      Damage    Failure   Level
a - Magic Dart            Conj           84%        1d7       2%          1
b - Searing Ray           Conj           42%        3d4       3%          2
c - Animate Skeleton      Necr           38%        N/A       5%          1
d - Pain                  Necr           76%        1d7       5%          1
e - Sublimation of Blood  Necr           9%         N/A       8%          2
f - Vampiric Draining     Necr           9%         2d7       16%         3

Your spell library contained the following spells:

 Spells                   Type           Power      Damage    Failure   Level
 Dazzling Flash           Conj/Hex       24%        N/A       16%         3
 Inner Flame              Hex/Fire       3%         N/A       38%         3
 Fulminant Prism          Conj/Hex       6%         3d7       47%         4
 Iskenderun's Mystic Bla  Conj/Tloc      12%        2d5       47%         4
 Cause Fear               Hex            1%         N/A       80%         4
 Discord                  Hex            1%         N/A       100%        8


Dungeon Overview and Level Annotations

Branches:
Dungeon (4/15)
 Temple: D:4-7

Altars:
Kikubaaqudgha
Zin
The Shining One

Annotations:
D:3 2 runed translucent doors, suicideKingZ's ghost, amateur DjWz


Innate Abilities, Weirdness & Mutations

You are completely covered in rugged brown scales. (AC +3, +7% HP)
You have supernaturally acute eyesight. (SInv)
Armour fits poorly on your strangely shaped body.
You can roll at nearby foes to attack.
You have a long armoured tail.


Message History

There is nothing nearby to animate!
Unknown command.
Unknown command.
Casting: Animate Skeleton (safe; 5% risk of failure)
Confirm with . or Enter, or press ? or * to list all spells.
The spell is quite dangerous to cast (17% risk of failure)!
Continue anyway?
Aiming: Vampiric Draining (quite dangerous; 17% risk of failure)
Press: ? - help, Shift-Dir - straight line, f - adder
Aim: an adder You feel a surge of power!
You draw life force from the adder!
You feel life coursing into your body. The jelly hits you.
The acid corrodes you!
You are splashed with acid!
The adder closely misses you.
Unknown command.
Casting: Vampiric Draining (quite dangerous; 17% risk of failure)
Confirm with . or Enter, or press ? or * to list all spells.
Aiming: Magic Dart (safe; 2% risk of failure)
Press: ? - help, Shift-Dir - straight line, f/p - adder
Aim: an adder (severely wounded, 100% to hit)
The magic dart hits the adder!
You kill the adder!
Kikubaaqudgha accepts your kill. The jelly hits you. The acid corrodes you!
You are splashed with acid!
Casting: Magic Dart (safe; 2% risk of failure)
Confirm with . or Enter, or press ? or * to list all spells.
Aiming: Searing Ray (safe; 3% risk of failure)
Press: ? - help, Shift-Dir - straight line, f - jelly
Aim: a jelly (100% to hit)
The searing ray hits the jelly!
The jelly is heavily wounded. (Press . to maintain the ray.)
The jelly hits you.
* * * LOW HITPOINT WARNING * * *
The acid corrodes you!
You are splashed with acid!
* * * LOW HITPOINT WARNING * * *
The searing ray hits the jelly!
The jelly is almost dead.
The jelly hits you.
You die...
Kikubaaqudgha rasps: "You have failed me!
Welcome... death!"

##### #...#
#.#.### #.#.#.###
..#.#...#
###.#.#.##########
...............J@#
###...#.#....###[#
###...#.#...)# #.#
#.....#.###### #.#
......#.# #.#
#.......### #.#
####.##...###
#.############## #
#.#......#
#.#....#.......#
########++###
#.........####.#


You could see a jelly.

Vanquished Creatures
  A necrophage (D:3)
  A jelly (D:2)
  2 adders
  2 worms
  A dart slug (D:1)
  An orc (D:3)
  11 ball pythons
  2 bats
  7 endoplasms
  4 giant cockroaches
  2 goblins
  3 hobgoblins (D:1)
  2 jackals (D:1)
  A quokka (D:1)
  7 frilled lizards
  6 kobolds
  6 rats
59 creatures vanquished.

Vanquished Creatures (others)
  7 plants
  4 withered plants (D:2)
11 creatures vanquished.

Grand Total: 70 creatures vanquished

Notes
Turn   | Place    | Note
-------+----------+-------------------------------------------
     0 | D:1      | Angani the Palentonga Conjurer began the quest for the Orb.
     0 | D:1      | Reached XP level 1. HP: 13/13 MP: 3/3
   192 | D:1      | Reached XP level 2. HP: 14/20 MP: 0/5
   454 | D:1      | Reached skill level 4 in Conjurations
   488 | D:1      | Learned a level 2 spell: Searing Ray
   790 | D:1      | Reached XP level 3. HP: 24/25 MP: 0/7
  1609 | D:2      | Found a faded altar of an unknown god.
  1628 | D:2      | Became a worshipper of Kikubaaqudgha
  1628 | D:2      | Reached * piety under Kikubaaqudgha
  1628 | D:2      | Received a gift from Kikubaaqudgha
  1631 | D:2      | Learned a level 1 spell: Animate Skeleton
  1841 | D:2      | Reached XP level 4. HP: 31/32 MP: 2/8
  2085 | D:2      | Found a glowing golden altar of the Shining One.
  2271 | D:3      | Found a glowing silver altar of Zin.
  2272 | D:3      | Noticed a necrophage
  2278 | D:3      | Killed a necrophage
  2279 | D:3      | Reached XP level 5. HP: 37/37 MP: 1/10
  2586 | D:3      | Found a large runed translucent door.
  2588 | D:3      | Found a large runed translucent door.
  2743 | D:3      | Noticed suicideKingZ's ghost (amateur DjWz)
  3310 | D:3      | Learned a level 1 spell: Pain
  3313 | D:3      | Learned a level 2 spell: Sublimation of Blood
  3317 | D:3      | Learned a level 3 spell: Vampiric Draining
  3359 | D:3      | Slain by a jelly

Illustrated notes

Levels and vault maps discovered:
D:1:      tarquinn_simple_flora_water_c, layout_basic
D:2:      layout_basic, shapermc_ecumenical_altar_flowoftime, basic_altar
D:3:      layout_basic, mainiacjoe_overflow_cross_hatched,
          ebering_ghost_disaster_area
D:4:      layout_cave_pools, mainiacjoe_overflow_alcove_4,
          minmay_temple_entry_waves, uniq_edmund

Skill      XL: |  1  2  3  4 |
---------------+-------------+-----
Conjurations   | 4 |  4.6
Spellcasting   | 3 |  3.8
Necromancy     | 2 |  2.4
Dodging        | |  1.5
Stealth        | |  1.2

Action                   |  1- 3 |  4- 6 || total
-------------------------+-------+-------++-------
Melee: Unarmed           |    63 |     1 ||    64
       Tailslap          |     4 |       ||     4
 Cast: Magic Dart        |    71 |    34 ||   105
       Animate Skeleton  |     4 |       ||     4
       Searing Ray       |     1 |     5 ||     6
       Vampiric Draining |       |     1 ||     1
 Abil: Rolling Charge    |     5 |     1 ||     6
Armor: Robe              |    14 |     7 ||    21
Dodge: Dodged            |    10 |    10 ||    20
